 Dungeon Crawl Stone Soup version 0.30.1-4-g462c640d31 (webtiles) character file.

Game seed: 15635062403489188640

25564 boopmooplesden the Basher (level 12, -2/110 HPs)
             Began as an Armataur Fighter on Sept 13, 2023.
             Was a Follower of Trog.
             Slain by a polar bear (24 damage)
             ... on level 1 of the Lair of Beasts.
             The game lasted 00:23:00 (14137 turns).

boopmooplesden the Basher (Armataur Fighter)       Turns: 14137, Time: 00:23:00

Health: -2/110     AC: 21    Str: 27    XL:     12   Next: 90%
Magic:  12/12      EV: 10    Int: 14    God:    Trog [*.....]
Gold:   367        SH:  7    Dex: 17    Spells: 11/11 levels left

rFire   + . .        a - +2 flail (freeze)
rCold   + . .        c - +0 buckler
rNeg    . . .        l - +1 ring mail "Nomnivoo" {rElec rF+ Int+2 Slay+2}
rPois   .            e - +1 hat {Int+3}
rElec   +            C - +0 cloak "Liraun" {Str+2}
rCorr   .            (no gloves)
SInv    .            p - +2 barding {Stlth+}
Will    +....        f - amulet of faith
Stlth   ++++         x - +6 ring of dexterity
HPRegen 0.38/turn    Q - ring "Kidwunte" {rElec rC+ Will+}
MPRegen 0.13/turn

%: roll, faith
@: slowed, very slow
A: large, rugged brown scales 3, deformed body, armoured tail, roll, long
tongue, awkward tongue, iridescent scales 1
a: Renounce Religion, Berserk


You were on level 1 of the Lair of Beasts.
You worshipped Trog.
Trog was aware of your devotion.
You visited 3 branches of the dungeon, and saw 13 of its levels.
You also visited: Bailey.

You collected 873 gold pieces.
You spent 506 gold pieces at shops.

Inventory:

Hand Weapons
 a - a +2 flail of freezing (weapon)
 k - a +1 heavy flail
 q - a +7 battleaxe
 E - the +3 broad axe of the Real Monster {heavy, rCorr}
   (You found it in a bailey)

   rCorr:     It protects you from acid and corrosion.
 G - a +6 war axe
Missiles
 b - 3 throwing nets
 d - 5 javelins (quivered)
 D - 17 boomerangs
Armour
 c - a +0 buckler (worn)
 e - a +1 hat of intelligence (worn)
 l - the +1 ring mail "Nomnivoo" (worn) {rElec rF+ Int+2 Slay+2}
   (You took it off a hobgoblin on level 2 of the Dungeon)

   Int:       It affects your intelligence (+2).
   Slay:      It affects your accuracy & damage with ranged weapons and melee
   (+2).
   rF:        It protects you from fire.
   rElec:     It insulates you from electricity.
 p - a +2 barding of stealth (worn)
 u - a +0 cloak
 z - a +0 plate armour
 C - the +0 cloak "Liraun" (worn) {Str+2}
   (You found it on level 6 of the Dungeon)

   Str:       It affects your strength (+2).
 M - the +0 robe of the Blue Moon {Stlth+}
   (You found it on level 10 of the Dungeon)

   Stlth:     It makes you more stealthy.
Jewellery
 f - an amulet of faith (around neck)
 j - a +6 ring of intelligence
 o - a +6 ring of intelligence
 v - a +4 ring of protection
 x - a +6 ring of dexterity (left hand)
 I - a ring of willpower
 Q - the ring "Kidwunte" (right hand) {rElec rC+ Will+}
   (You bought it in a shop on level 4 of the Dungeon)

   [ring of willpower]

   rC:        It protects you from cold.
   rElec:     It insulates you from electricity.
   Will:      It increases your willpower.
Wands
 g - a wand of digging (5)
 y - a wand of roots (6)
 H - a wand of flame (26)
 J - a wand of paralysis (9)
Scrolls
 h - 4 scrolls of magic mapping
 m - 5 scrolls of fear
 A - a scroll of silence
 N - a scroll of poison
 O - 2 scrolls of blinking
 P - a scroll of identify
Potions
 i - a potion of curing
 n - 2 potions of lignification
 r - 3 potions of invisibility
 t - 2 potions of ambrosia
 w - a potion of magic {unknown}
 B - 2 potions of brilliance
 F - 2 potions of cancellation
 K - 2 potions of flight {unknown}
 R - a potion of attraction {unknown}
Miscellaneous
 L - a box of beasts


   Skills:
 + Level 8.9 Fighting
 + Level 11.2 Maces & Flails
 + Level 11.0 Armour
 + Level 6.3 Dodging
 + Level 8.6 Stealth
 + Level 9.5 Shields


You had 11 spell levels left.
You didn't know any spells.
Your spell library contained the following spells:

 Spells                   Type           Power      Damage    Failure   Level
 Beastly Appendage        Tmut           0%         N/A       41%         1
 Kiss of Death            Conj/Necr      0%         2d5       41%         1
 Sandblast                Erth           0%         2d4       41%         1
 Sting                    Tmut/Pois      0%         1d3       41%         1
 Passwall                 Tmut/Erth      0%         N/A       56%         2
 Poisonous Vapours        Pois/Air       0%         N/A       56%         2
 Static Discharge         Conj/Air       0%         2-2/arc   56%         2
 Sublimation of Blood     Necr           0%         N/A       56%         2
 Wereblood                Tmut           0%         N/A       56%         2
 Confusing Touch          Hex            0%         N/A       80%         3
 Frozen Ramparts          Ice            0%         1d1       80%         3
 Hailstorm                Conj/Ice       0%         3d3       80%         3
 Inner Flame              Hex/Fire       0%         N/A       80%         3
 Ozocubu's Armour         Ice            0%         N/A       80%         3
 Spider Form              Tmut/Pois      0%         N/A       80%         3
 Stone Arrow              Conj/Erth      0%         3d7       80%         3
 Airstrike                Air            0%         2d(0-16)  99%         4
 Animate Armour           Summ/Erth      0%         N/A       99%         4
 Cause Fear               Hex            0%         N/A       99%         4
 Dispel Undead            Necr           0%         3d6       99%         4
 Ice Form                 Ice/Tmut       0%         N/A       99%         4
 Olgreb's Toxic Radiance  Pois           0%         N/A       99%         4
 Summon Ice Beast         Ice/Summ       0%         N/A       99%         4
 Summon Lightning Spire   Summ/Air       0%         N/A       99%         4
 Blade Hands              Tmut           0%         N/A       100%        5
 Metabolic Englaciation   Hex/Ice        0%         N/A       100%        5
 Yara's Violent Unravell  Hex/Tmut       0%         3d3       100%        5
 Iron Shot                Conj/Erth      0%         9d1       100%        6
 Simulacrum               Ice/Necr       0%         N/A       100%        6
 Dragon Form              Tmut           0%         N/A       100%        7
 Enfeeble                 Hex            0%         N/A       100%        7
 Summon Hydra             Summ           0%         N/A       100%        7
 Dragon's Call            Summ           0%         N/A       100%        9


Dungeon Overview and Level Annotations

Branches:
Dungeon (11/15)            Temple (1/1) D:4            Lair (1/5) D:11
    Orc (0/2) D:10         Bailey (visited)

Altars:
Ashenzari
Cheibriados
Dithmenos
Elyvilon
Fedhas
Gozag
Hepliaklqana
Kikubaaqudgha
Makhleb
Nemelex Xobeh
Okawaru
Qazlal
Ru
Sif Muna
Trog
Uskayaw
Vehumet
Wu Jian
Xom
Yredelemnul
Zin
The Shining One

Shops:
D:4 =

Portals:
Trove: D:10 (give +5 fire dragon scales)


Innate Abilities, Weirdness & Mutations

You are completely covered in rugged brown scales. (AC +3, +7% HP)
Armour fits poorly on your strangely shaped body.
You have a long armoured tail.
You roll when moving toward enemies. (Rampage)
Your long tongue fully drains potion bottles. (2x potion effects)
Your tongue gives you trouble enunciating. (1.5x scroll delay)
You are partially covered in iridescent scales. (AC +2)


Message History

Being near the torpor snail leaves you feeling lethargic.
The polar bear goes berserk!
You closely miss the polar bear.
The polar bear is severely wounded.
The polar bear bites you!!
The polar bear claws you but does no damage. x2
The polar bear misses you. The polar bear claws you.
The polar bear closely misses you.
You sock the polar bear! You freeze the polar bear.
The polar bear is almost dead.
The polar bear bites you! The polar bear closely misses you.
The polar bear misses you. The polar bear bites you!!
The polar bear closely misses you.
The polar bear claws you but does no damage.
You hit the polar bear but do no damage.
You tail-slap the polar bear.
The polar bear is almost dead.
The polar bear misses you.
The polar bear claws you but does no damage. x2
The polar bear bites you! You block the polar bear's attack.
The polar bear barely misses you. The yak gores you but does no damage.
The yak attacks as you move away! The yak gores you.
The polar bear attacks as you move away!
You block the polar bear's attack.
The polar bear claws you but does no damage. x2
The yak closely misses you. The polar bear misses you.
The polar bear claws you but does no damage.
You block the polar bear's attack.
The polar bear attacks as you move away!
The polar bear misses you. The polar bear completely misses you.
You block the polar bear's attack. x2
The polar bear claws you but does no damage. x2
The yak barely misses you. The polar bear bites you!
* * * LOW HITPOINT WARNING * * *
The polar bear claws you but does no damage.
The polar bear claws you.
* * * LOW HITPOINT WARNING * * *
You hear a bellow!
The polar bear bites you!!
You die...

## ##. ##
###..#.##
#....<#.#
##.....##
#.......##
##....@...#
#....YhY..#
#.........#.#
#...w.......#
#...........#
.............#
#............P#
#.............#
#..............


You could see a torpor snail, a polar bear (berserk) and 2 yaks.

Vanquished Creatures
  An orc warlord (Bailey)
  A vault guard (D:10)
  A two-headed ogre (D:9)
  Nergalle (D:10)
  An orc knight (Bailey)
  An ugly thing (D:9)
  A manticore (D:11)
  Joseph (D:11)
  An unseen horror (D:11)
  A troll (D:9)
  3 wraiths
  28 yaks
  2 wyverns
  2 steam dragons
  8 vampire mosquitoes
  Menkaure (D:7)
  An acid dragon (D:8)
  12 orc warriors
  2 black bears (D:6)
  Duvessa (D:7)
  2 sky beasts (D:7)
  An ice beast (D:7)
  2 centaurs (D:7)
  3 boggarts (D:10)
  A kobold brigand (D:8)
  2 bullfrogs (D:9)
  2 gnoll sergeants
  2 scorpions
  14 wights
  Dowan (D:7)
  3 killer bees (D:10)
  5 electric eels
  3 howler monkeys
  3 jellies
  3 gnoll boudas
  4 hounds
  11 orc priests
  2 sleepcaps
  An iguana (D:5)
  13 orc wizards
  32 gnolls
  8 adders
  2 white imps
  2 worms (D:3)
  4 dart slugs
  49 orcs
  5 bats
  7 endoplasms
  2 giant cockroaches
  14 hobgoblins
  19 kobolds
  6 quokkas
  10 ball pythons
  2 frilled lizards
  9 goblins
  4 rats
  A spectral orc (D:8)
324 creatures vanquished.

Vanquished Creatures (others)
  An orc (D:10)
1 creature vanquished.

Grand Total: 325 creatures vanquished

Notes
Turn   | Place    | Note
-------+----------+-------------------------------------------
     0 | D:1      | boopmooplesden the Armataur Fighter began the quest for the
                  | Orb.
     0 | D:1      | Reached XP level 1. HP: 19/19 MP: 1/1
   313 | D:1      | Reached XP level 2. HP: 17/26 MP: 2/2
   915 | D:1      | Gained mutation: You are partially covered in iridescent
                  | scales. (AC +2) [potion of mutation]
   915 | D:1      | Gained mutation: You are frail. (-10% HP) [potion of
                  | mutation]
   915 | D:1      | Lost mutation: You are frail. (-10% HP) [potion of
                  | mutation]
   997 | D:2      | Reached XP level 3. HP: 22/32 MP: 3/3
  1102 | D:2      | Identified the +1 ring mail "Nomnivoo" {rElec rF+ Int+2
                  | Slay+2}
  1823 | D:3      | Reached XP level 4. HP: 32/40 MP: 4/4
  1912 | D:3      | Reached skill level 1 in Stealth
  1912 | D:3      | Reached XP level 5. HP: 17/48 MP: 5/5
  2215 | D:3      | Found a burning altar of Makhleb.
  2913 | D:4      | Reached XP level 6. HP: 20/54 MP: 6/6
  3245 | D:4      | Found a staircase to the Ecumenical Temple.
  3263 | Temple   | Entered the Ecumenical Temple
  3798 | D:4      | Found Mokkil's Jewellery Shop.
  4104 | D:4      | Found an opulent altar of Gozag.
  4319 | D:5      | Entered Level 5 of the Dungeon
  4374 | D:5      | Reached skill level 5 in Armour
  4398 | D:5      | Reached skill level 1 in Dodging
  4420 | D:5      | Reached XP level 7. HP: 37/60 MP: 7/7
  4985 | D:5      | Reached skill level 5 in Maces & Flails
  5515 | D:6      | Found a hazy altar of Hepliaklqana.
  5523 | D:6      | Reached XP level 8. HP: 70/70 MP: 8/8
  5556 | D:6      | Identified the +0 cloak "Liraun" {Str+2}
  6079 | D:6      | Reached skill level 5 in Shields
  6412 | D:7      | Found a flagged portal.
  6418 | Bailey   | Entered a bailey
  6423 | Bailey   | Noticed an orc warlord
  6560 | Bailey   | Found a runed translucent gate.
  6560 | Bailey   | Found a runed translucent gate.
  6587 | Bailey   | Found a runed translucent gate.
  6593 | Bailey   | Noticed an orc knight
  6621 | Bailey   | Killed an orc knight
  6622 | Bailey   | Reached XP level 9. HP: 16/78 MP: 9/9
  6742 | Bailey   | Killed an orc warlord
  6743 | Bailey   | Reached skill level 5 in Fighting
  6776 | Bailey   | Identified the +3 broad axe of the Real Monster {heavy,
                  | rCorr}
  6792 | D:7      | Reached skill level 10 in Armour
  6792 | D:7      | Reached skill level 5 in Dodging
  6792 | D:7      | Reached XP level 10. HP: 25/92 MP: 10/10
  6792 | D:7      | Reached XP level 11. HP: 27/98 MP: 11/11
  7070 | D:7      | Found a stormy altar of Qazlal.
  7222 | D:7      | Found a glowing golden altar of the Shining One.
  7222 | D:7      | Noticed Menkaure
  7225 | D:7      | Killed Menkaure
  7548 | D:7      | Noticed Duvessa
  7549 | D:7      | Noticed Dowan
  7557 | D:7      | Killed Duvessa
  7560 | D:7      | Killed Dowan
  8519 | D:8      | Reached skill level 10 in Maces & Flails
  8801 | D:8      | Found a basalt altar of Yredelemnul.
  9259 | D:9      | Reached XP level 12. HP: 88/108 MP: 12/12
  9463 | D:9      | Found a broken altar of Ashenzari.
  9558 | D:9      | Noticed a two-headed ogre
  9580 | D:9      | Killed a two-headed ogre
 10045 | D:9      | Found a shimmering blue altar of Sif Muna.
 10283 | D:10     | Entered Level 10 of the Dungeon
 10283 | D:10     | Found a sparkling altar of Nemelex Xobeh.
 10288 | D:10     | Identified the +0 robe of the Blue Moon {Stlth+}
 10734 | D:10     | Noticed Nergalle
 11018 | D:10     | Killed Nergalle
 11046 | D:10     | Noticed a two-headed ogre
 11050 | D:10     | Found a glowing silver altar of Zin.
 11389 | D:10     | Noticed a vault guard
 11403 | D:10     | Killed a vault guard
 11513 | D:10     | Found a portal to a secret trove of treasure.
 12056 | D:10     | Found a staircase to the Orcish Mines.
 12227 | D:10     | Found an iron altar of Okawaru.
 12227 | D:10     | Found a bloodstained altar of Trog.
 12242 | D:10     | Became a worshipper of Trog the Wrathful
 12691 | D:4      | Bought the ring "Kidwunte" {rElec rC+ Will+} for 506 gold
                  | pieces
 12856 | D:11     | Noticed Joseph
 12868 | D:11     | Killed Joseph
 13180 | D:11     | HP: 4/110 [yak (3)]
 13636 | D:11     | Reached * piety under Trog
 13889 | D:11     | Found a staircase to the Lair.
 14124 | Lair:1   | Entered Level 1 of the Lair of Beasts
 14137 | Lair:1   | Slain by a polar bear

Illustrated notes

Levels and vault maps discovered:
D:1:      nzn_arrival_crosshair, layout_loops_corners, minmay_strange_pillars,
          minmay_misc_feat_enclosed
D:2:      layout_loops_ring, minmay_hexomino_u4
D:3:      minmay_thinvault, layout_loops_ring, lemuel_coloured_pillars_altar,
          chequers_garden, kennysheep_crisscross
D:4:      layout_basic, grunt_gozag_statues, minmay_temple_entry_large_hall,
          serial_shops, shop
D:5:      layout_loops_ring, serial_glass, glass_columns_a, glass_columns_a,
          nrook_campfire, hangedman_decor_slide_cut
D:6:      layout_gridville, mainiacjoe_overflow_boulevard
D:7:      layout_loops_corners, tso_altar, nicolae_overflow_crystal_walls,
          enter_bailey_2, uniq_menkaure, uniq_duvessa
D:8:      layout_layer_cave, yredelemnul_forgotten_temple_becter
D:9:      layout_loops_ring, marbit_many_paths, tgw_sif,
          chequers_serial_rivers_micro_d, serial_bayou_ford_a
D:10:     layout_cave_pools, grunt_temple_overflow_bloody_war,
          overflow_temple_1_default, mainiacjoe_overflow_paths, erik_orc_2,
          enter_trove_5, serial_bayou_crossing, uniq_nergalle
D:11:     layout_grid_maze, lair_entry_dummy, minmay_sticks_and_stones
Temple:   jpeg_temple_alley_garden
Lair:1:   layout_cave_pods, serial_bayou_lagoon_a, grunt_forest_large_clearings,
          lemuel_fruit_tree

Skill      XL: |  1  2  3  4  5  6  7  8  9 10 11 12 |
---------------+-------------------------------------+-----
Maces & Flails | 2 3 4 5 7 9 10 11 | 11.2
Armour         | 4 5 6 7 10 11 | 11.0
Fighting       | 3 4 7 8 |  8.9
Stealth        | 1 2 3 7 8 |  8.6
Shields        | 4 5 7 8 9 |  9.5
Dodging        | 1 3 5 6 |  6.3

Action                     |  1- 3 |  4- 6 |  7- 9 | 10-12 || total
---------------------------+-------+-------+-------+-------++-------
  Melee: Flail             |   105 |   130 |   248 |   619 ||  1102
         Tailslap          |     9 |    17 |    33 |   106 ||   165
  Throw: Javelin           |       |       |       |     3 ||     3
  Evoke: Wand              |       |       |       |     3 ||     3
    Use: Scroll            |     8 |       |    12 |     8 ||    28
         Potion            |     1 |     1 |     5 |     8 ||    15
   Stab: Distracted        |     1 |       |       |     2 ||     3
         Sleeping          |       |     8 |     4 |    18 ||    30
 Armour: Scale mail        |    18 |       |       |       ||    18
         Chain mail        |    33 |       |       |       ||    33
         Ring mail         |    12 |    75 |   204 |   449 ||   740
  Dodge: Dodged            |    32 |    38 |    83 |   345 ||   498
  Block: Buckler           |    16 |    34 |    50 |   240 ||   340
